 Dungeon Crawl Stone Soup version 0.17-a0-483-g810ce3f (console) character file.

107 Garrluk the Digger (level 4, -8/24 HPs)
             Began as a Deep Elf Earth Elementalist on Apr 8, 2015.
             Killed from afar by Sigmund (12 damage)
             ... with a puff of flame
             ... on level 3 of the Dungeon.
             The game lasted 00:08:25 (2356 turns).

Garrluk the Digger (Deep Elf Earth Elementalist)    Turns: 2356, Time: 00:08:25

Health: -8/24      AC:  2    Str:  5    XL:     4   Next: 57%
Magic:  1/12       EV: 13    Int: 21    God:
Gold:   178        SH:  0    Dex: 15    Spells: 4 memorised, 3 levels left

rFire  . . .     SeeInvis .     b - 119 stones
rCold  . . .     Clarity  .     c - +0 robe
rNeg   . . .     SustAb   .     (no shield)
rPois  .         Gourm    .     (no helmet)
rElec  .         Spirit   .     (no cloak)
rCorr  .         Warding  .     (no gloves)
rMut   .         Stasis   .     (no boots)
MR     .....                    (no amulet)
Stlth  ++........               (no ring)
                                (no ring)

@: not resistant to hostile enchantments, unstealthy
A: no striking features
a: no special abilities


You were on level 3 of the Dungeon.
You were not hungry.

You visited 1 branch of the dungeon, and saw 3 of its levels.

You collected 178 gold pieces.

Notes
Turn   | Place    | Note
--------------------------------------------------------------
     0 | D:1      | Garrluk, the Deep Elf Earth Elementalist, began the quest for the Orb.
     0 | D:1      | Reached XP level 1. HP: 10/10 MP: 6/6
   219 | D:1      | Reached XP level 2. HP: 7/15 MP: 6/8
   316 | D:1      | Learned a level 2 spell: Stoneskin
   442 | D:1      | Found a shattered altar of Ashenzari.
   701 | D:1      | Reached skill level 4 in Earth Magic
  1078 | D:2      | Reached XP level 3. HP: 15/19 MP: 5/10
  1083 | D:2      | Learned a level 3 spell: Stone Arrow
  1087 | D:2      | Learned a level 3 spell: Passwall
  1584 | D:2      | Found a bloodstained altar of Trog.
  1808 | D:2      | Reached XP level 4. HP: 22/24 MP: 4/12
  2090 | D:3      | Found a sacrificial altar of Ru.
  2191 | D:3      | Reached skill level 5 in Earth Magic
  2197 | D:3      | Found a glowing golden altar of the Shining One.
  2347 | D:3      | Noticed Sigmund
  2356 | D:3      | Killed from afar by Sigmund

Inventory:

Hand weapons
 g - a +0 dagger
   (You took it off a goblin on level 1 of the Dungeon)
 m - a +0 vampiric whip
   (You took it off a kobold on level 2 of the Dungeon)
Missiles
 b - 119 stones (in hand)
 o - 10 poisoned needles
Armour
 c - a +0 robe (worn)
Magical devices
 q - a wand of digging (18)
   (You found it on level 2 of the Dungeon)
Scrolls
 f - 4 scrolls of remove curse {unknown}
 i - 2 scrolls of noise {unknown}
 k - a scroll of blinking {unknown}
 p - a scroll of identify {unknown}
 r - a scroll of recharging {unknown}
Potions
 e - 2 potions of agility {unknown}
 j - a potion of heal wounds {unknown}
 l - a potion of cure mutation {unknown}
 n - a potion of haste {unknown}
 s - a potion of flight {unknown}
Books
 d - a book of Geomancy

   Spells                             Type                      Level
   a - Sandblast                      Earth                        1
   b - Stoneskin                      Transmutation/Earth          2
   c - Passwall                       Transmutation/Earth          3
   d - Stone Arrow                    Conjuration/Earth            3
   e - Petrify                        Transmutation/Earth          4
   f - Lee's Rapid Deconstruction     Earth                        5
 t - a book of Minor Magic
   (You found it on level 2 of the Dungeon)

   Spells                             Type                      Level
   a - Magic Dart                     Conjuration                  1
   b - Blink                          Translocation                2
   c - Call Imp                       Summoning                    2
   d - Repel Missiles                 Charms/Air                   2
   e - Slow                           Hexes                        2
   f - Conjure Flame                  Conjuration/Fire             3
   g - Mephitic Cloud                 Conjuration/Poison/Air       3
Comestibles
 a - 2 bread rations
 h - 3 chunks of flesh

Table legend:
 A = Turns spent in this place as a percentage of turns spent in the entire game.
 B = Non-inter-level travel turns spent in this place as a percentage of non-inter-level travel turns spent in the entire game.
 C = Inter-level travel turns spent in this place as a percentage of turns spent in this place.
 D = Turns resting spent in this place as a percentage of non-inter-level travel turns spent in this place.
 E = Turns spent auto-exploring this place as a percentage of non-inter-level travel turns spent in this place.
 F = Non-inter-level travel turns spent in this place divided by the number of levels of this place that you've seen.
                   A       B       C       D       E      F
               +-------+-------+-------+-------+-------+----------------------
         Total | 100.0 | 100.0 |   0.3 |   4.4 |  10.7 | 234.3
       Dungeon | 100.0 | 100.0 |   0.3 |   4.4 |  10.7 | 234.3
               +-------+-------+-------+-------+-------+----------------------


   Skills:
 - Level 2.4 Dodging
 - Level 2.4 Stealth
 + Level 4.5 Spellcasting
 - Level 1.1 Transmutations
 * Level 5.1 Earth Magic


You had 3 spell levels left.
You knew the following spells:

 Your Spells              Type           Power        Failure   Level  Hunger
a - Sandblast             Erth           ####..       1%          1    None
b - Stoneskin             Trmt/Erth      ###.....     6%          2    #......
d - Passwall              Trmt/Erth      ###.......   12%         3    ##.....
A - Stone Arrow           Conj/Erth      ###...       14%         3    ##.....


Dungeon Overview and Level Annotations

Branches:
Dungeon (3/15)

Altars:
Ashenzari
Ru
Trog
The Shining One

Annotations:
D:3 Sigmund


Message History

Press: ? - help, Shift-Dir - straight line, f/p - Sigmund
Aim: Sigmund, wielding a scythe and wearing a robe (heavily wounded)
The rocky blast hits Sigmund.
Sigmund is heavily wounded.
Sigmund gestures at you while chanting. The magic dart hits you!
Casting: Sandblast
Confirm with . or Enter, or press ? or * to list all spells.
Aiming: Sandblast
Press: ? - help, Shift-Dir - straight line, f/p - Sigmund
Aim: Sigmund, wielding a scythe and wearing a robe (heavily wounded)
The rocky blast hits Sigmund.
Sigmund is almost dead.
Sigmund hits you from afar with a scythe!
Ouch! That really hurt!
* * * LOW HITPOINT WARNING * * *
Sigmund points at you and mumbles some strange words.
The puff of flame hits you!
Ouch! That really hurt!
You die...

#.# #.# #.# #.#
#.# #.# #@# #####
#.# ..#.########
#.# ........##.###
#@#
.............###.#
....###.......#..#
.8### ##......#..#
###
###.......##### .#
##..........# .#
##.........# .#
####......# ##
#......# ###
###......# #....#
#.....>..#


You could see Sigmund.

Table legend:
 A = Kills in this place as a percentage of kills in entire the game.
 B = Kills by you in this place as a percentage of kills by you in the entire game.
 C = Kills by friends in this place as a percentage of kills by friends in the entire game.
 D = Other kills in this place as a percentage of other kills in the entire game.
 E = Experience gained in this place as a percentage of experience gained in the entire game.
 F = Experience gained in this place divided by the number of levels of this place that you have seen.
                   A       B       C       D       E      F
               +-------+-------+-------+-------+-------+----------------------
         Total | 100.0 | 100.0 |  -nan |  -nan | 100.0 |  51.3
       Dungeon | 100.0 | 100.0 |  -nan |  -nan | 100.0 |  51.3
               +-------+-------+-------+-------+-------+----------------------

Vanquished Creatures
  Monster Symbol All 'K'
  12 kobolds
12 creatures vanquished. All 'S' 3 adders A ball python (D:1)
4 creatures vanquished. All 'b' 10 bats
10 creatures vanquished. All 'g' 6 hobgoblins 15 goblins
21 creatures vanquished. All 'h' 5 jackals (D:3)
5 creatures vanquished. All 'l' 3 giant geckos (D:2) 6 giant newts
9 creatures vanquished. All 'r' 2 quokkas 5 rats
7 creatures vanquished. All 's' 2 giant cockroaches
2 creatures vanquished. All 'w' A worm (D:3)
1 creature vanquished.
71 creatures vanquished. Monster Nature Natural Monsters 3 adders A worm (D:3) 3 giant geckos (D:2) 10 bats 2 giant cockroaches 6 hobgoblins 5 jackals (D:3) 12 kobolds 2 quokkas A ball python (D:1) 6 giant newts 15 goblins 5 rats
71 creatures vanquished.
71 creatures vanquished. Ascending Order A worm (D:3) A ball python (D:1) 2 giant cockroaches 2 quokkas 3 adders 3 giant geckos (D:2) 5 jackals (D:3) 5 rats 6 hobgoblins 6 giant newts 10 bats 12 kobolds 15 goblins
71 creatures vanquished.

Action                   |  1- 3 |  4- 6 || total
-------------------------+-------+-------++-------
Melee: Unarmed           |     2 |       ||     2
       Dagger            |    18 |     6 ||    24
 Cast: Sandblast         |    95 |    29 ||   124
       Stoneskin         |     1 |       ||     1
       Stone Arrow       |     5 |     6 ||    11
 Stab: Sleeping          |     3 |       ||     3
  Eat: Chunk             |     3 |     2 ||     5
